Map: [ESL] Data-C

Players

DnS - Winner!

  • Race: Protoss Protoss
  • Spawn Location: 9:00

Bly

  • Race: Zerg Zerg
  • Spawn Location: 3:00

Event: DreamHack SC2 Masters 2022 Atlanta (Online)

VOD

Have the link to the VOD?

Description

Time

  • Played on: Oct. 6, 2022, 2:11 p.m.
  • Length: 15:03

All games in this series

Show
View Real Time Build Order
Export as new Build Order

DnS Protoss - Winner!

Build Orders: Oracle Opening 

Get SALT Encoding   

  12  0:01  Probe  
  13  0:14  Probe  
  14  0:18  Pylon  
  14  0:26  Probe (Chrono Boost)  
  15  0:38  Probe (Chrono Boost), Gateway  
  16  0:46  Probe (Chrono Boost)  
  16  0:47  Assimilator  
  17  0:52  Probe  
  18  1:04  Probe  
  18  1:06  Gateway  
  19  1:16  Probe  
  20  1:25  Zealot (Chrono Boost)  
  20  1:28  Cybernetics Core  
  20  1:32  Pylon  
  22  1:34  Probe  
  23  1:50  Zealot (Chrono Boost), Probe  
  26  2:01  Assimilator  
  26  2:02  Probe  
  27  2:14  Adept (Chrono Boost)  
  27  2:15  Pylon  
  29  2:19  Adept (Chrono Boost), Warp Gate  
  31  2:33  Probe  
  32  2:45  Probe  
  33  2:54  Stargate  
  33  2:57  Probe  
  33  2:58  Adept x2  
  38  3:19  Probe  
  39  3:25  Nexus  
  39  3:36  Pylon  
  39  3:51  Oracle (Chrono Boost)  
  39  3:54  Probe  
  43  4:01  Shield Battery  
  43  4:06  Probe  
  43  4:08  Adept  
  46  4:22  Probe  
  47  4:32  Pylon  
  47  4:34  Probe (Chrono Boost)  
  47  4:37  Oracle  
  47  4:38  Probe (Chrono Boost)  
  46  4:39  Pylon  
  43  4:46  Probe (Chrono Boost)  
  43  4:47  Probe (Chrono Boost)  
  43  4:50  Probe (Chrono Boost)  
  43  4:51  Adept x2  
  43  4:52  Probe (Chrono Boost)  
  50  5:01  Probe  
  52  5:07  Nexus, Probe  
  52  5:10  Pylon  
  52  5:15  Adept  
  52  5:19  Probe x2  
  56  5:22  Stalker  
  56  5:25  Assimilator  
  58  5:30  Oracle  
  58  5:31  Probe  
  62  5:37  Twilight Council  
  62  5:40  Probe  
  62  5:41  Stalker  
  65  5:52  Probe x2  
  65  5:55  Forge  
  67  6:02  Pylon  
  67  6:04  Probe x2  
  69  6:11  Stalker  
  69  6:12  Blink (Chrono Boost), Stalker  
  69  6:17  Probe (Chrono Boost)  
  75  6:20  Probe x2 (Chrono Boost)  
  76  6:28  Probe (Chrono Boost)  
  76  6:29  Probe (Chrono Boost)  
  76  6:31  Probe (Chrono Boost)  
  76  6:32  Protoss Ground Weapons Level 1  
  77  6:33  Probe (Chrono Boost)  
  77  6:39  Zealot x2  
  74  6:40  Probe  
  74  6:44  Probe x2  
  70  6:47  Gateway  
  70  6:49  Gateway  
  70  6:52  Probe  
  70  6:56  Probe x2  
  70  6:59  Stalker x2  
  70  7:04  Probe  
  66  7:08  Probe x2  
  66  7:09  Pylon  
  67  7:16  Probe (Chrono Boost)  
  67  7:22  Probe (Chrono Boost), Pylon  
  70  7:26  Probe (Chrono Boost)  
  70  7:27  Stalker x2  
  70  7:28  Probe (Chrono Boost)  
  75  7:30  Shield Battery  
  75  7:32  Probe (Chrono Boost)  
  75  7:34  Probe (Chrono Boost)  
  75  7:35  Probe (Chrono Boost)  
  75  7:36  Probe (Chrono Boost)  
  78  7:42  Pylon  
  78  7:44  Gateway, Probe  
  80  7:46  Gateway  
  80  7:48  Sentry  
  80  7:49  Stalker  
  84  7:53  Stalker x2  
  88  8:07  Nexus  
  88  8:08  Charge (Chrono Boost)  
  88  8:09  Pylon  
  88  8:12  Stalker x2  
  92  8:18  Stalker  
  92  8:19  Stalker  
  96  8:28  Probe  
  96  8:29  Probe x2  
  99  8:38  Gateway  
  99  8:40  Gateway  
  99  8:42  Stalker x4  
  99  8:44  Probe, Protoss Ground Weapons Level 2 (Chrono Boost)  
  99  8:45  Probe x2  
  110  8:49  Shield Battery  
  110  8:52  Photon Cannon  
  110  8:57  Probe  
  110  9:01  Stalker x2  
  115  9:16  Stalker x4  
  117  9:23  Probe x4  
  120  9:25  Stalker x2  
  122  9:32  Stalker  
  122  9:35  Probe x2  
  122  9:36  Zealot  
  128  9:38  Probe x2  
  128  9:41  Pylon  
  128  9:45  Stalker x3  
  136  9:47  Probe x2  
  136  9:54  Probe x2  
  136  9:59  Robotics Facility, Probe  
  139  10:01  Pylon  
  139  10:06  Assimilator  
  138  10:08  Assimilator  
  138  10:09  Probe  
  138  10:12  Stalker x3  
  138  10:13  Zealot x5  
  151  10:29  Photon Cannon  
  151  10:31  Shield Battery, Photon Cannon  
  151  10:33  Photon Cannon  
  151  10:39  Stalker  
  151  10:40  Stalker x4  
  152  10:49  Observer  
  141  10:52  Stalker x2  
  145  11:01  Zealot  
  145  11:02  Probe  
  145  11:03  Probe x3  
  151  11:07  Zealot x2  
  141  11:20  Stalker x4  
  141  11:25  Protoss Ground Weapons Level 3 (Chrono Boost), Photon Cannon  
  147  11:32  Probe x2  
  151  11:33  Stalker x2  
  151  11:56  Nexus  
  151  12:00  Pylon  
  147  12:11  Pylon x3  
  147  12:14  Pylon  
  145  12:16  Pylon  
  145  12:30  Zealot x5  
  143  12:46  Stalker x3  
  143  12:48  Probe x3  
  143  12:49  Shield Battery  
  152  12:51  Photon Cannon  
  152  12:57  Gateway  
  152  12:58  Gateway  
  152  13:00  Gateway  
  152  13:05  Warp Prism  
  152  13:10  Stalker x5  
  152  13:11  Stalker x2  
  166  13:15  Photon Cannon  
  166  13:19  Nexus  
  144  13:35  Stalker x5  
  144  13:39  Probe  
  151  13:42  Probe  
  151  13:43  Probe x2  
  151  13:45  Pylon  
  149  13:52  Probe  
  149  13:53  Zealot x2  
  148  13:56  Probe x3  
  149  14:04  Stalker x2  
  149  14:05  Stalker x2  
  157  14:16  Zealot x5  
  167  14:26  Zealot  
  161  14:32  Zealot x4  
  145  14:51  Zealot x6  
  145  14:52  Zealot x2  
Show
View Real Time Build Order
Export as new Build Order

Bly Zerg 

Build Orders: 3 Hatch before Pool, Swarm Host 

Get SALT Encoding   

  12  0:00  Drone  
  13  0:12  Overlord  
  13  0:18  Drone  
  14  0:30  Drone x2  
  16  0:52  Drone  
  17  0:58  Drone  
  17  0:59  Hatchery  
  17  1:00  Drone  
  18  1:23  Hatchery  
  17  1:27  Drone  
  17  1:30  Extractor  
  17  1:39  Spawning Pool  
  16  1:42  Drone  
  16  1:46  Drone  
  18  1:48  Drone  
  19  1:59  Drone  
  20  2:07  Overlord  
  20  2:18  Drone  
  21  2:26  Zergling x4  
  21  2:28  Queen  
  25  2:33  Zergling x2  
  25  2:36  Metabolic Boost  
  26  2:37  Queen  
  27  2:53  Drone x3  
  27  2:55  Drone, Overlord  
  30  3:23  Zergling x2  
  30  3:24  Zergling x8  
  35  3:29  Queen  
  36  3:34  Hatchery  
  35  3:43  Queen  
  35  3:44  Drone x3  
  35  3:47  Overlord  
  39  3:56  Zergling x8  
  43  4:05  Drone  
  43  4:07  Overlord  
  41  4:16  Zergling x4  
  40  4:29  Drone x5  
  44  4:34  Queen  
  43  4:39  Drone x2  
  43  4:44  Spore Crawler, Drone  
  40  4:53  Drone  
  40  4:57  Drone x4  
  44  5:05  Spore Crawler  
  43  5:14  Spore Crawler  
  42  5:22  Drone x7  
  42  5:23  Drone x3  
  52  5:33  Drone x2  
  54  5:36  Zergling x8  
  54  5:39  Lair  
  58  5:43  Zergling x6  
  61  5:55  Overlord  
  61  5:56  Overlord  
  61  5:58  Overlord  
  61  5:59  Overlord  
  61  6:05  Overlord x2  
  61  6:09  Roach Warren, Extractor  
  61  6:10  Overlord  
  59  6:20  Drone x8  
  65  6:45  Drone x8  
  72  6:53  Overlord  
  65  7:03  Drone  
  65  7:04  Drone x8  
  68  7:12  Glial Reconstitution  
  68  7:13  Drone x2  
  68  7:19  Extractor  
  68  7:20  Extractor  
  68  7:22  Burrow  
  66  7:23  Drone x3  
  66  7:27  Overseer, Hatchery  
  68  7:34  Drone x3  
  68  7:35  Evolution Chamber  
  70  7:40  Roach x4  
  78  7:46  Roach x3  
  84  7:52  Roach x4  
  84  7:53  Roach  
  94  8:02  Zergling x8  
  94  8:03  Hatchery  
  97  8:13  Zerg Missile Weapons Level 1, Overlord  
  97  8:15  Drone  
  97  8:16  Drone x4  
  97  8:17  Extractor x2  
  100  8:24  Zergling x2  
  100  8:25  Zergling x12  
  105  8:34  Zergling x2  
  105  8:35  Zergling x4  
  106  8:43  Drone x3  
  106  8:48  Zergling x12  
  110  8:49  Infestation Pit  
  110  8:51  Tunneling Claws  
  110  8:52  Nydus Network  
  113  8:57  Roach x6  
  113  8:58  Ravager  
  118  9:34  Swarm Host  
  118  9:36  Zergling x4  
  118  9:37  Zergling x2, Overlord x3  
  142  9:43  Overlord  
  142  9:44  Overlord  
  134  10:01  Nydus Canal  
  134  10:05  Roach  
  134  10:06  Roach x20  
  176  10:07  Zergling x4  
  178  10:20  Nydus Canal  
  156  10:28  Roach x10  
  168  10:41  Zergling x22  
  175  10:45  Nydus Canal  
  175  10:49  Roach x3  
  153  11:05  Nydus Canal  
  153  11:06  Roach x8  
  153  11:11  Roach x3  
  163  11:12  Roach x2  
  163  11:13  Roach x3  
  163  11:17  Roach  
  163  11:18  Roach x3  
  145  11:19  Roach  
  145  11:22  Roach x13  
  145  11:23  Roach  
  159  11:26  Roach x4  
  159  11:29  Nydus Canal, Swarm Host x2  
  153  11:43  Nydus Canal  
  143  11:56  Swarm Host x7  
  143  12:01  Roach x7  
  164  12:04  Zerg Missile Weapons Level 2  
  152  12:11  Spore Crawler  
  152  12:12  Roach x5  
  161  12:15  Queen  
  161  12:18  Queen  
  161  12:22  Queen x2  
  162  12:28  Swarm Host x3  
  156  12:39  Drone x2  
  142  12:47  Nydus Canal  
  130  12:54  Spore Crawler  
  120  13:02  Roach  
  120  13:03  Roach x13  
  138  13:20  Roach x6  
  138  13:21  Roach  
  146  13:34  Roach x5  
  128  13:54  Roach  
  128  13:55  Roach x7  
  128  13:58  Ravager x2  
  128  13:59  Ravager x2  
  128  14:01  Nydus Canal  
  130  14:07  Ravager  
  126  14:24  Roach x8  
  126  14:25  Roach  
Tags
 
Add a new tag
Caveats
  • Supply blocks, unpowered buildings, or Contaminate may cause inaccurate times.
  • Supply counts are checked every 10 seconds.